 Dungeon Crawl Stone Soup version 0.29.1-15-g9cfb28693d (webtiles) character file.

Game seed: 14430023390836230807

914 BuddhaDhamma the Cleaver (level 7, 0/57 HPs)
             Began as a Minotaur Berserker on Mar 16, 2023.
             Was a Priest of Trog.
             Slain by an ogre
             ... wielding a +0 giant spiked club
              (21 damage)
             ... on level 6 of the Dungeon.
             The game lasted 00:06:59 (5278 turns).

BuddhaDhamma the Cleaver (Minotaur Berserker)       Turns: 5278, Time: 00:07:00

Health: 0/57       AC:  7    Str: 24    XL:     7   Next: 82%
Magic:  6/6        EV: 11    Int:  4    God:    Trog [***...]
Gold:   351        SH:  0    Dex: 11    Spells: 6/6 levels left

rFire   . . .      SeeInvis .   j - +4 hand axe of Oga Wypt {venom, Dex+2}
rCold   . . .      Faith    .   (no shield)
rNeg    . . .      Spirit   .   f - +0 ring mail
rPois   .          Reflect  .   p - +1 hat
rElec   .          Harm     .   (no cloak)
rCorr   .          Rampage  .   (no gloves)
Will    .....                   n - +0 pair of boots
Stlth   +.........              (no amulet)
HPRegen 0.19/turn               (no ring)
MPRegen 0.10/turn               (no ring)

@: no status effects
A: horns 2, retaliatory headbutt
a: Renounce Religion, Berserk, Trog's Hand


You were on level 6 of the Dungeon.
You worshipped Trog.
Trog was most pleased with you.
You visited 1 branch of the dungeon, and saw 6 of its levels.

You collected 351 gold pieces.

Inventory:

Hand Weapons
 b - a +0 war axe
 j - the +4 hand axe of Oga Wypt (weapon) {venom, Dex+2}
   (You found it on level 3 of the Dungeon)

   It poisons the flesh of those it strikes.
   Dex:       It affects your dexterity (+2).
Armour
 f - a +0 ring mail (worn)
 n - a +0 pair of boots (worn)
 p - a +1 hat (worn)
Jewellery
 q - a ring of protection from cold
Scrolls
 a - a scroll of poison
 i - 3 scrolls of teleportation
 o - a scroll of fear {unknown}
Potions
 c - 2 potions of brilliance
 d - a potion of berserk rage {unknown}
 e - 2 potions of lignification {unknown}
 g - a potion of attraction {unknown}
 h - a potion of degeneration {unknown}
 k - 2 potions of heal wounds
 l - a potion of invisibility {unknown}
 m - 2 potions of curing


   Skills:
 - Level 3.6 Fighting
 + Level 11.3 Axes
 - Level 2.4 Armour
 - Level 2.1 Dodging


You had 6 spell levels left.
You didn't know any spells.
Your spell library was empty.

Dungeon Overview and Level Annotations

Branches:
Dungeon (6/15)             Temple (0/1) D:4

Altars:
Dithmenos
Gozag
Nemelex Xobeh
Okawaru
Qazlal
Vehumet
Xom


Innate Abilities, Weirdness & Mutations

You have a pair of horns on your head.
You reflexively headbutt those who attack you in melee.


Message History

You start resting.
Your hearing returns.
You climb downwards.
There is a stone staircase leading up here.
HP restored.
Things that are here:
an iguana corpse; a bullfrog corpse
Things that are here:
an iguana corpse; a bullfrog corpse You enter the shallow water.
Moving in this stuff is going to be slow.
Found a dagger.
Found a stone staircase leading down.
o - a scroll labelled ZOQICE SILIEREFIF You see here a +0 dagger.
An ogre comes into view. It is wielding a +0 giant spiked club.
The ogre shouts!
You hear a shout!
The ogre moves out of view.
e - 2 brown potions (gained 1)
An orc comes into view. It is wielding a +0 short sword.
The orc shouts!
Found a scroll of identify.
The ogre hits you with a +0 giant spiked club!!
You are too injured to fight recklessly!
You are too injured to fight recklessly!
The ogre attacks as you move away!
The ogre hits you with a +0 giant spiked club!!
The ogre attacks as you move away! The ogre closely misses you.
The ogre misses you.
You slash the ogre! Your headbutt misses the ogre.
The ogre is moderately wounded.
You hit the ogre. You headbutt the ogre!
The ogre is severely wounded.
The ogre barely misses you.
You closely miss the ogre. Your headbutt misses the ogre.
The ogre is severely wounded.
You hit the ogre.
The ogre is poisoned.
The ogre is almost dead.
You barely miss the orc.
The ogre hits you with a +0 giant spiked club!!
You die...

..#..# #..
..# #.? ..
#..#.##
####'#..##
.........#
.........#
#..####
#..O@.#
###o#.##
#.#..##
#..#..##
##.##..#
#.###.####
#.# #)>..#
#.# ##.#.#
#. #.#.#


You could see an ogre (very poisoned) and an orc.

Vanquished Creatures
  A black bear (D:5)
  An ice beast (D:5)
  An ogre (D:5)
  A bullfrog (D:6)
  3 scorpions
  A howler monkey (D:5)
  2 jellies
  3 orc priests
  3 iguanas
  An orc wizard (D:5)
  5 adders
  A shadow imp (D:5)
  An ufetubus (D:5)
  A dart slug (D:5)
  5 orcs
  A bat (D:1)
  5 endoplasms
  A giant cockroach (D:2)
  11 goblins
  5 hobgoblins
  7 kobolds
  2 quokkas
  13 ball pythons
  2 frilled lizards (D:2)
  4 rats
81 creatures vanquished.

Vanquished Creatures (others)
  3 fungi (D:2)
  2 plants (D:2)
5 creatures vanquished.

Grand Total: 86 creatures vanquished

Notes
Turn   | Place    | Note
-------+----------+-------------------------------------------
     0 | D:1      | BuddhaDhamma the Minotaur Berserker began the quest for the
                  | Orb.
     0 | D:1      | Reached XP level 1. HP: 19/19 MP: 0/0
    78 | D:1      | Reached skill level 4 in Axes
   400 | D:1      | Reached XP level 2. HP: 26/26 MP: 1/1
  1160 | D:2      | Reached skill level 5 in Axes
  1354 | D:2      | Reached ** piety under Trog
  1360 | D:2      | Reached XP level 3. HP: 26/31 MP: 2/2
  1636 | D:2      | Found a faded altar of an unknown god.
  2074 | D:3      | Identified the +4 hand axe of Oga Wypt {venom, Dex+2}
  2110 | D:3      | Found a shadowy altar of Dithmenos.
  2203 | D:3      | Identified the +2 helmet "Tokhlopt" {Rampage}
  2343 | D:3      | Found an iron altar of Okawaru.
  2343 | D:3      | Found an opulent altar of Gozag.
  2632 | D:4      | Found a stormy altar of Qazlal.
  2776 | D:4      | Reached skill level 6 in Axes
  2776 | D:4      | Reached XP level 4. HP: 33/39 MP: 3/3
  2820 | D:4      | Found a radiant altar of Vehumet.
  2828 | D:4      | Reached skill level 7 in Axes
  2828 | D:4      | Reached XP level 5. HP: 42/45 MP: 4/4
  3051 | D:4      | Found a staircase to the Ecumenical Temple.
  3629 | D:5      | Entered Level 5 of the Dungeon
  3648 | D:5      | Noticed a black bear
  3654 | D:5      | Killed a black bear
  3655 | D:5      | Reached skill level 8 in Axes
  3655 | D:5      | Reached XP level 6. HP: 38/51 MP: 5/5
  4160 | D:5      | Reached skill level 9 in Axes
  4190 | D:5      | Reached XP level 7. HP: 19/57 MP: 6/6
  4449 | D:5      | Found a shimmering altar of Xom.
  4693 | D:5      | Reached skill level 10 in Axes
  4721 | D:5      | Found a sparkling altar of Nemelex Xobeh.
  5134 | D:6      | Reached *** piety under Trog
  5135 | D:6      | Reached skill level 11 in Axes
  5278 | D:6      | Slain by an ogre

Illustrated notes

Levels and vault maps discovered:
D:1:      minmay_arrival_glassed_features, layout_basic
D:2:      layout_loops_ring, shapermc_ecumenical_altar_ellora,
          minmay_goblin_outpost
D:3:      layout_rooms, gammafunk_temple_overflow_elements,
          amcnicky_altar_gilded
D:4:      layout_basic, vehumet_crystals, nicolae_qazlal_general_emergency,
          temple_fountains, nicolae_figureground_sparkle
D:5:      layout_basic, mainiacjoe_overflow_concentric_impassable,
          marbit_many_paths
D:6:      wander_river, layout_basic, minmay_misc_feat_ornament,
          corexii_leaking_fountain

Skill      XL: |  1  2  3  4  5  6  7 |
---------------+----------------------+-----
Axes           | 4 5 6 7 8 9 11 | 11.3
Fighting       | |  3.6
Armour         | |  2.4
Dodging        | |  2.1

Action                   |  1- 3 |  4- 6 |  7- 9 || total
-------------------------+-------+-------+-------++-------
Melee: Hand axe          |   101 |    49 |    48 ||   198
       Headbutt          |    13 |    14 |     4 ||    31
Invok: Berserk           |       |       |     1 ||     1
  Use: Scroll            |     4 |     6 |     1 ||    11
Armor: Animal skin       |    14 |       |       ||    14
       Ring mail         |    18 |     6 |    13 ||    37
Dodge: Dodged            |    69 |    24 |    27 ||   120
